AoeStats
← Green Assassin

MegaRandom

505840918Analyzed
4v4 RM · 20d ago on Sep 11, 2026· 41m 52s· 8 players
Game mode
Random Map
Map size
Large (8 player)
Population
200
Speed
Normal
Resources
Standard
Victory
Conquest
Starting age
Dark Age
Ending age
Imperial Age
RankedLock teamsTeams togetherTeam positionsShared explorationLock speedFull tech treeHidden civsTurbo modeCheats
Victory
Defeat
🇩🇪 Romans · Germany
1156
+13
🇬🇧 Malay · United Kingdom
1102
+15
🇺🇸 Dravidians · United States
1092
+16
🇫🇷 Khmer · France
1068
+16
🇭🇰 Wei · Hong Kong SAR China
1117
-17
🇭🇰 Tupi · Hong Kong SAR China
1110
-16
🇨🇴 Chinese · Colombia
1063
-14
🇸🇦 Portuguese · Saudi Arabia
1043
-13
Felinehen123
0:45 Loom
10:27 Feudal Age
9:37 Man-at-Arms
21:32 Castle Age
24:08 Scale Barding Armor
25:51 Forging
26:53 Elite Skirmisher
27:43 Double-Bit Axe
31:29 Fletching
31:40 Padded Archer Armor
39:00 Imperial Age
39:12 Ballistics
kneehao
8:42 Loom
10:57 Feudal Age
11:23 Horse Collar
11:30 Double-Bit Axe
16:17 Castle Age
15:45 Fletching
17:56 Bodkin Arrow
18:40 Padded Archer Armor
23:39 Heavy Plow
24:54 Wheelbarrow
25:58 Town Watch
31:06 Imperial Age
28:47 Stone Mining
28:48 Gold Mining
29:45 Leather Archer Armor
30:54 Thumb Ring
30:51 Husbandry
31:41 Hand Cart
31:27 Town Patrol
32:56 Bracer
34:02 Guilds
34:42 Bow Saw
34:04 Elite Elephant Archer
37:27 Ring Archer Armor
37:41 Conscription
37:04 Elite Skirmisher
39:43 Ballistics
40:56 Chemistry
Fralex04
6:57 Loom
9:54 Feudal Age
14:01 Castle Age
11:54 Double-Bit Axe
12:07 Horse Collar
14:04 Wheelbarrow
15:24 Bow Saw
20:04 Stone Mining
23:12 Heavy Plow
23:47 Gold Mining
28:00 Imperial Age
25:44 Fletching
25:56 Padded Archer Armor
26:08 Forging
26:01 Scale Mail Armor
26:27 Bodkin Arrow
27:24 Scale Barding Armor
27:10 Light Cavalry
28:00 Bloodlines
27:52 Husbandry
29:03 Iron Casting
28:46 Leather Archer Armor
28:35 Murder Holes
29:35 Gold Shaft Mining
30:26 Conscription
31:21 Chemistry
30:45 Hussar
34:38 Blast Furnace
33:59 Chain Barding Armor
Green Assassin
0:27 Loom
11:52 Feudal Age
17:06 Castle Age
17:09 Scale Mail Armor
17:20 Forging
16:51 Man-at-Arms
17:55 Squires
18:49 Long Swordsman
28:09 Ballistics
28:55 Wheelbarrow
30:52 Scale Barding Armor
32:11 Husbandry
32:55 Pikeman
34:52 Bloodlines
34:02 Light Cavalry
34:54 Double-Bit Axe
34:56 Horse Collar
35:42 Caravan
40:45 Hand Cart
谷得超勁
10:32 Feudal Age
15:34 Castle Age
16:02 Double-Bit Axe
21:28 Horse Collar
24:16 Gold Mining
26:17 Wheelbarrow
25:59 Bow Saw
25:50 Heavy Plow
25:42 Stone Mining
30:14 Imperial Age
28:43 Fletching
28:54 Padded Archer Armor
32:11 Two-Man Saw
31:47 Gold Shaft Mining
32:26 Chemistry
31:47 Ballistics
32:00 Elite Blackwood Archer
32:49 Caravan
33:12 Hand Cart
Majorian
7:00 Loom
9:19 Feudal Age
10:27 Double-Bit Axe
12:02 Horse Collar
16:20 Fletching
17:48 Padded Archer Armor
18:28 Wheelbarrow
22:33 Castle Age
21:47 Gold Mining
21:50 Stone Mining
22:28 Town Watch
26:15 Bow Saw
26:45 Bodkin Arrow
28:47 Ballistics
31:51 Tuntian
36:12 Imperial Age
35:24 Hand Cart
35:27 Caravan
36:39 Gold Shaft Mining
35:41 Pikeman
36:23 Scale Mail Armor
36:33 Forging
36:39 Leather Archer Armor
37:22 Parthian Tactics
36:39 Light Cavalry
37:34 Scale Barding Armor
38:10 Bloodlines
41:07 Onager
rubendariod01
1:00 Loom
9:32 Feudal Age
10:06 Double-Bit Axe
19:04 Castle Age
17:50 Fletching
19:17 Gold Mining
20:20 Crossbowman
21:07 Padded Archer Armor
22:54 Wheelbarrow
22:54 Stone Mining
23:18 Bow Saw
23:29 Horse Collar
24:57 Thumb Ring
27:25 Hand Cart
28:30 Gold Shaft Mining
33:29 Imperial Age
30:28 Pikeman
36:15 Forging
† BigMakh †
12:17 Feudal Age
12:41 Horse Collar
12:47 Double-Bit Axe
17:22 Stone Mining
19:59 Castle Age
17:53 Gold Mining
28:07 Imperial Age
26:14 Wheelbarrow
27:46 Bow Saw
30:59 Chemistry
32:54 Conscription
35:12 Elite Organ Gun
Connection lost

Rejoining the realm…

Still unreachable

The connection could not be restored.

Session expired

The server has moved on; the page needs a fresh start.